 Dungeon Crawl Stone Soup version 0.25-a0-460-g4f2eb97ec1 (webtiles) character file.

Game seed: 4104170948251979786, levelgen mode: deterministic

7 Nattfarinn the Sneak (level 2, -1/15 HPs)
             Began as a Vine Stalker Assassin on Feb 3, 2020.
             Slain by a hobgoblin (4 damage)
             ... on level 1 of the Dungeon.
             The game lasted 00:00:41 (376 turns).

Nattfarinn the Sneak (Vine Stalker Assassin)         Turns: 376, Time: 00:00:42

Health: -1/15      AC:  3    Str: 13    XL:     2   Next: 0%
Magic:  0/3        EV: 11    Int: 11    God:
Gold:   0          SH:  0    Dex: 15    Spells: 1/1 levels left

rFire    . . .     SeeInvis .   a - +2 dagger
rCold    . . .     Gourm    .   (no shield)
rNeg     . . .     Faith    .   b - +0 robe
rPois    .         Spirit   +   (no helmet)
rElec    .         Reflect  .   c - +0 cloak
rCorr    .         Harm     .   (no gloves)
MR       .....                  (no boots)
Stlth    +++.......             (no amulet)
HPRegen  0.05/turn              (no ring)
MPRegen  0.08/turn              (no ring)

@: no status effects
A: fangs 2, magic shield, antimagic bite, no potion heal 3, rot immunity
a: no special abilities


You were on level 1 of the Dungeon.
You were not hungry.

You visited 1 branch of the dungeon, and saw 1 of its levels.

Inventory:

Hand Weapons
 a - a +2 dagger (weapon)
Missiles
 d - 22 poisoned darts (quivered)
 e - 2 curare-tipped darts
Armour
 b - a +0 robe (worn)
 c - a +0 cloak (worn)
Scrolls
 g - a scroll of identify {unknown}
Comestibles
 f - a ration


   Skills:
 + Level 1.9 Fighting
 * Level 2.0 Short Blades
 - Level 1.7 Throwing
 + Level 0.2 Armour
 - Level 0.7 Dodging
 + Level 4.9 Stealth


You had one spell level left.
You didn't know any spells.
Your spell library was empty.

Dungeon Overview and Level Annotations

Branches:
Dungeon (1/15)

Altars:


Innate Abilities, Weirdness & Mutations

You have extremely sharp teeth.
When hurt, damage is shared between your health and your magic reserves.
Your bite disrupts and absorbs the magic of your enemies.
Potions cannot restore your health.
You are immune to rotting.


Message History

You see here a stone.
The hobgoblin throws a stone.
The stone hits you.
* * * LOW HITPOINT WARNING * * *
You see here a stone.
You aren't carrying any potions.
The hobgoblin throws a stone.
The stone hits you but does no damage.
Things that are here:
a +0 short sword; 5 stones; a kobold skeleton
Things that are here:
2 stones; a +0 dagger; a goblin skeleton
Items here: ( ) รทรท a stone; a +0 dagger; a goblin skeleton; a bat skeleton The frilled lizard barely misses you.
You barely miss the frilled lizard. Your bite misses the frilled lizard.
You hit the frilled lizard.
You kill the frilled lizard!
You have reached level 2!
The hobgoblin throws a stone.
The stone barely misses you. The hobgoblin hits you.
You die...

#..# #.. #..##..
#.....# ####...#.#
#........# #
#.##...$#... #.
###.........#
#..#####((((..#.#....
#.....@g)#(.#........
##..######..##...##.
#.# ##...# ...8#
#.#####...## ...##
############..........#
...#
..'......##...##.)..#.#
...#
########.#.......####.#
.8 #.#....#### #.#
###### #.#.....## #.#


You could see a hobgoblin.

Vanquished Creatures
  2 goblins (D:1)
  3 kobolds (D:1)
  A bat (D:1)
  A frilled lizard (D:1)
7 creatures vanquished.

Notes
Turn   | Place    | Note
-------+----------+-------------------------------------------
     0 | D:1      | Nattfarinn the Vine Stalker Assassin began the quest for
                  | the Orb.
     0 | D:1      | Reached XP level 1. HP: 11/11 MP: 2/2
   374 | D:1      | Reached XP level 2. HP: 2/15 MP: 1/3
   376 | D:1      | Slain by a hobgoblin

Levels and vault maps discovered:
D:1:      minmay_arrival_widening_spiral_narrow, layout_rooms,
          serial_corexii_hall, corexii_hall_statues_t, corexii_hall_statues_l,
          minivault_5

Skill      XL: |  1 |
---------------+----+-----
Short Blades   | 2 |  2.0
Fighting       | |  1.9
Throwing       | |  1.7
Armour         | |  0.2
Dodging        | |  0.7
Stealth        | |  4.9

Action                   || total
-------------------------++-------
Melee: Dagger            ||    15
       Bite              ||     6
 Stab: Sleeping          ||     1
Armor: Robe              ||     5
Dodge: Dodged            ||    19

Table legend:
 A = Non-vault XP
 B = Vault XP
 C = Vault XP percentage of total XP
 D = Non-vault monster count
 E = Vault monster count
 F = Vault count percentage of total count
                 A         B        C        D         E       F
            +---------+---------+-------+---------+---------+-------
      Total |      10 |       0 |   0.0 |       7 |       0 |   0.0
            +---------+---------+-------+---------+---------+-------
        D:1 |      10 |       0 |   0.0 |       7 |       0 |   0.0
            +---------+---------+-------+---------+---------+-------
